 Dungeon Crawl Stone Soup version 0.20.1-1-g8b1a95d (webtiles) character file.

16143 Knicklaso the Spear-Bearer (level 12, -2/98 HPs)
             Began as a Merfolk Gladiator on July 16, 2017.
             Was a Believer of Uskayaw.
             Slain by a stone giant (30 damage)
             ... on level 1 of the Orcish Mines.
             The game lasted 01:24:32 (11799 turns).

Knicklaso the Spear-Bearer (Merfolk Gladiator)     Turns: 11799, Time: 01:24:32

Health: -2/98      AC: 14    Str: 17    XL:     12   Next: 34%
Magic:  16/16      EV: 20    Int:  7    God:    Uskayaw [**....]
Gold:   1114       SH:  0    Dex: 20    Spells: 11/11 levels left

rFire    . . .     SeeInvis .   C - +7 bardiche (chop)
rCold    + . .     Gourm    .   (shield currently unavailable)
rNeg     . . .     Faith    .   t - +4 scale mail
rPois    +         Spirit   .   A - +0 helmet
rElec    .         Reflect  .   (no cloak)
rCorr    .         Harm     .   b - +1 pair of gloves
MR       .....                  (no boots)
Stlth    ..........             Q - amulet of regeneration
Regen    0.7/turn               u - ring of protection from cold
MPRegen  0.2/turn               M - +3 ring of evasion

@: no status effects
A: change form in water, swift swim, stealthy swim, poison resistance, strong 1
a: Stomp, Line Pass, Renounce Religion


You were on level 1 of the Orcish Mines.
You worshipped Uskayaw.
Uskayaw was noncommittal.
You were hungry.

You visited 3 branches of the dungeon, and saw 12 of its levels.
You also visited: Bailey.

You collected 1114 gold pieces.

Inventory:

Hand Weapons
 a - a +2 trident of freezing
 s - a +2 bardiche of chopping
 C - a +7 bardiche of chopping (weapon)
 D - a +0 blowgun
 Y - a +1 vampiric glaive
Missiles
 n - 2 javelins
 B - 13 tomahawks (quivered)
 E - 63 poisoned needles
 T - a throwing net
Armour
 b - a +1 pair of gloves (worn)
 e - a +0 buckler
 t - a +4 scale mail (worn)
 y - a +0 plate armour
 A - a +0 helmet (worn)
 F - a +2 robe of magic resistance
 U - a +2 leather armour of magic resistance
Jewellery
 h - an uncursed amulet of magic regeneration
 k - an uncursed ring of resist corrosion
 o - an uncursed ring of flight
 u - a ring of protection from cold (left hand)
 H - an uncursed ring of protection from cold
 M - a +3 ring of evasion (right hand)
 Q - an amulet of regeneration (around neck)
 S - an uncursed ring of poison resistance
Wands
 l - a wand of disintegration (6/24)
 p - a wand of digging (6/24)
 z - a wand of confusion (20/48)
 P - a wand of iceblast (1/15)
 V - a wand of flame (11/48)
Scrolls
 m - 4 scrolls of teleportation
 x - 4 scrolls of remove curse
 I - 3 scrolls of enchant armour
Potions
 g - 4 potions of brilliance
 j - 3 potions of curing
 r - a potion of berserk rage
 v - 5 potions of flight
 w - a potion of haste
 K - a potion of lignification
 L - a potion of magic
 W - a potion of ambrosia
 Z - a potion of might {unknown}
Books
 G - a book of Necromancy

   Spells                             Type                      Level
   a - Pain                           Necromancy                   1
   b - Animate Skeleton               Necromancy                   1
   c - Vampiric Draining              Necromancy                   3
   d - Regeneration                   Charms/Necromancy            3
   e - Animate Dead                   Necromancy                   4
   f - Control Undead                 Necromancy                   4
 J - a book of Power

   Spells                             Type                      Level
   a - Iskenderun's Battlesphere      Conjuration/Charms           5
   b - Venom Bolt                     Conjuration/Poison           5
   c - Bolt of Magma                  Conjuration/Fire/Earth       5
   d - Iron Shot                      Conjuration/Earth            6
   e - Orb of Destruction             Conjuration                  7
   f - Spellforged Servitor           Conjuration/Summoning        7
 R - a book of Cantrips

   Spells                             Type                      Level
   a - Confusing Touch                Hexes                        1
   b - Animate Skeleton               Necromancy                   1
   c - Summon Small Mammal            Summoning                    1
   d - Apportation                    Translocation                1
Comestibles
 c - 5 bread rations
 d - 3 royal jellies
 f - 4 chunks of flesh
 q - 38 fruits
 O - 4 meat rations


   Skills:
 + Level 10.5 Fighting
 - Level 12.1 Polearms
 - Level 9.2 Throwing
 * Level 4.3 Armour
 + Level 10.1 Dodging
 - Level 6.2 Shields
 * Level 6.6 Invocations


You had 11 spell levels left.
You didn't know any spells.

Dungeon Overview and Level Annotations

Branches:
Dungeon (10/15)            Temple (1/1) D:6             Orc (1/2) D:10
   Lair: D:8-11

Altars:
Ashenzari
Cheibriados
Dithmenos
Elyvilon
Fedhas
Gozag
Hepliaklqana
Kikubaaqudgha
Makhleb
Nemelex Xobeh
Okawaru
Qazlal
Ru
Sif Muna
Trog
Uskayaw
Vehumet
Xom
Yredelemnul
Zin
The Shining One
Beogh


Innate Abilities, Weirdness & Mutations

You revert to your normal form in water.
You are very nimble and swift while swimming.
You are very stealthy in the water. (Stealth+)
Your system is resistant to poisons. (rPois)
Your muscles are strong. (Str +2)


Message History

* * * LOW HITPOINT WARNING * * *
You hit the stone giant.
The stone giant is moderately wounded.
The stone giant barely misses you.
You hit the stone giant.
The stone giant is moderately wounded.
The stone giant hits you but does no damage.
The stone giant hits you.
* * * LOW HITPOINT WARNING * * *
You can now pass through a line of other dancers.
As you read the scroll of fog, it crumbles to dust.
The scroll dissolves into smoke.
The stone giant completely misses you.
You are feeling hungry.
You hit the stone giant.
The stone giant is moderately wounded.
The stone giant hits you but does no damage.
You slice the stone giant!!
The stone giant is heavily wounded.
The stone giant hits you!!
You die...

##.....≈#####≈...........#..
##.....≈#...#≈.......)......
##.#....≈#.∩.#≈.........#...#
#.......≈#...#≈.............#
##..#...≈##.##≈...>........##
#.....(≈≈)≈≈≈≈............#.
##......[.)............>.....
#.......)[.§§§...........#...
###.......#.§@#§...........##.
##..#..#...####C§..........##..
#...C.......*#§§§§........##...
##..#.......#§§§§§.......#.#...
##.##.#...#.§§##.#............
#.........................#...
##..#.....#....##..............
#....#..........##........##...
##.....#.##......#..#....#.....


You could see a stone giant.

Vanquished Creatures
  Josephine (D:10)
  3 two-headed ogres
  The ghost of RumaTero the Arsonist, a novice DrFE of Vehumet (D:8)
  2 orc sorcerers (Orc:1)
  2 orc knights
  A rime drake (Orc:1)
  A centaur skeleton (D:10)
  A kobold demonologist (D:10)
  3 polar bears (Orc:1)
  2 hippogriffs
  Sigmund (D:4)
  8 yaks
  5 wraiths (D:10)
  A wyvern (D:8)
  24 orc warriors
  A swamp drake (D:10)
  An ice beast (D:8)
  3 sky beasts
  2 necrophages
  The ghost of Knicklaso the Ruffian, an amateur NaTm of Uskayaw (D:3)
  3 phantoms
  A wolf (Orc:1)
  7 ogres
  2 crocodiles
  11 big kobolds (D:10)
  6 bullfrogs
  A scorpion (D:6)
  5 killer bees (D:9)
  3 wights (D:10)
  3 howler monkeys (D:8)
  4 jellies
  3 crimson imps
  3 bullfrog zombies
  10 orc priests
  A bullfrog skeleton (D:9)
  2 gnoll shamans
  A hound (D:8)
  10 orc wizards
  5 iguanas
  9 worker ants
  9 gnolls
  6 adders
  An ooze (D:2)
  2 adder skeletons
  2 adder zombies
  3 worms
  2 dart slugs
  4 leopard geckos
  52 orcs
  3 giant cockroaches
  15 goblins
  3 hobgoblins
  16 jackals
  11 kobolds
  5 quokkas
  3 ball pythons
  14 bats
  3 frilled lizards
  A jackal skeleton (D:8)
  A leopard gecko skeleton (D:5)
  11 rats
321 creatures vanquished.

Notes
Turn   | Place    | Note
-------+----------+-------------------------------------------
     0 | D:1      | Knicklaso the Merfolk Gladiator began the quest for the Orb.
     0 | D:1      | Reached XP level 1. HP: 16/16 MP: 1/1
   127 | D:1      | Reached skill level 5 in Polearms
   165 | D:1      | Reached XP level 2. HP: 21/22 MP: 2/2
   668 | D:1      | Reached XP level 3. HP: 27/27 MP: 3/3
   777 | D:2      | Reached skill level 6 in Polearms
   843 | D:2      | Found a white marble altar of Elyvilon.
   844 | D:2      | Found a blossoming altar of Fedhas.
  1035 | D:2      | Reached XP level 4. HP: 29/33 MP: 4/4
  1087 | D:2      | Reached skill level 7 in Polearms
  1744 | D:3      | Found a sparkling altar of Nemelex Xobeh.
  1909 | D:3      | Found a glowing golden altar of the Shining One.
  1931 | D:3      | Noticed Knicklaso's ghost (amateur NaTm)
  1956 | D:3      | Killed Knicklaso's ghost
  1956 | D:3      | Reached skill level 9 in Polearms
  1956 | D:3      | Reached XP level 5. HP: 3/38 MP: 5/5
  2534 | D:4      | Noticed a phantom
  2542 | D:4      | Killed a phantom
  2542 | D:4      | Reached XP level 6. HP: 37/44 MP: 6/6
  2545 | D:4      | Gained mutation: Your muscles are strong. (Str +2) [potion of mutation]
  2545 | D:4      | Gained mutation: Your system is resistant to poisons. (rPois) [potion of mutation]
  2572 | D:4      | Reached skill level 10 in Polearms
  2653 | D:4      | Reached skill level 5 in Dodging
  2799 | D:4      | Reached XP level 7. HP: 50/50 MP: 7/7
  2977 | D:4      | Noticed Sigmund
  2987 | D:4      | Killed Sigmund
  3586 | D:5      | Entered Level 5 of the Dungeon
  3754 | D:5      | Got a slimy flail
  3763 | D:5      | Identified the cursed +3 flail "Byshoruh" {crush, Fragile rElec rN+++} (You found it on level 5 of the Dungeon)
  3986 | D:5      | Reached XP level 8. HP: 56/56 MP: 8/8
  4653 | D:5      | You fall through a shaft for 3 floors!
  4666 | D:8      | Noticed RumaTero's ghost (novice DrFE)
  4788 | D:8      | Reached skill level 5 in Throwing
  5042 | D:8      | Noticed a two-headed ogre
  5090 | D:8      | Killed a two-headed ogre
  5090 | D:8      | Reached skill level 5 in Shields
  5090 | D:8      | Reached XP level 9. HP: 54/61 MP: 9/9
  5275 | D:6      | Found a staircase to the Ecumenical Temple.
  5281 | Temple   | Entered the Ecumenical Temple
  6585 | D:7      | Found a hide-covered altar of Uskayaw.
  6792 | D:7      | Found a shattered altar of Ashenzari.
  7204 | D:8      | Killed RumaTero's ghost
  7266 | D:8      | Reached XP level 10. HP: 23/67 MP: 10/10
  7761 | D:8      | Reached skill level 5 in Fighting
  7892 | D:7      | Became a worshipper of Uskayaw the Reveler
  7915 | D:9      | Reached * piety under Uskayaw
  7919 | D:9      | Reached ** piety under Uskayaw
  8113 | D:9      | Reached *** piety under Uskayaw
  8120 | D:9      | Reached **** piety under Uskayaw
  8499 | D:9      | Reached skill level 1 in Invocations
  8642 | D:9      | Reached ***** piety under Uskayaw
  8654 | D:9      | HP: 1/79 [yak (8)]
  8654 | D:9      | Reached ****** piety under Uskayaw
  9373 | D:10     | Entered Level 10 of the Dungeon
  9480 | D:10     | Found a bloodstained altar of Trog.
  9537 | D:10     | Reached skill level 1 in Armour
  9537 | D:10     | Reached XP level 11. HP: 72/86 MP: 13/13
  9595 | D:10     | Noticed a two-headed ogre
  9664 | D:10     | Noticed Josephine
  9689 | D:10     | Killed Josephine
  9689 | D:10     | Reached skill level 11 in Polearms
 10013 | D:10     | Reached skill level 12 in Polearms
 10212 | D:10     | Reached skill level 5 in Invocations
 10297 | D:10     | Found a staircase to the Orcish Mines.
 10385 | Orc:1    | Entered Level 1 of the Orcish Mines
 10385 | Orc:1    | Noticed an orc knight
 10389 | Orc:1    | Noticed an orc sorcerer
 10395 | Orc:1    | Noticed a two-headed ogre
 10395 | Orc:1    | Killed an orc sorcerer
 10403 | Orc:1    | Killed a two-headed ogre
 10419 | Orc:1    | Killed an orc knight
 10667 | Orc:1    | Found a flagged portal.
 10673 | Orc:1    | Noticed a two-headed ogre
 10683 | Orc:1    | Killed a two-headed ogre
 10697 | Bailey   | Entered a bailey
 10888 | Bailey   | Reached XP level 12. HP: 95/97 MP: 16/16
 11196 | Bailey   | Reached skill level 10 in Fighting
 11228 | Bailey   | Found a roughly hewn altar of Beogh.
 11433 | Orc:1    | Reached skill level 10 in Dodging
 11558 | Orc:1    | Found a roughly hewn altar of Beogh.
 11663 | Orc:1    | Paralysed by an orc sorcerer for 2 turns
 11779 | Orc:1    | Noticed a stone giant
 11799 | Orc:1    | Slain by a stone giant

Skill      XL: |  1  2  3  4  5  6  7  8  9 10 11 12 |
---------------+-------------------------------------+-----
Polearms       | 5 6 9 10 12 | 12.1
Dodging        | 5 8 9 10 | 10.1
Throwing       | 3 6 9 |  9.2
Shields        | 5 6 |  6.2
Fighting       | 8 9 10 | 10.5
Invocations    | 3 6 |  6.6
Armour         | 1 3 4 |  4.3

Action                   |  1- 3 |  4- 6 |  7- 9 | 10-12 || total
-------------------------+-------+-------+-------+-------++-------
Melee: Trident           |   132 |   117 |   274 |   496 ||  1019
       Glaive            |       |       |       |   182 ||   182
       Tailslap          |       |       |       |     4 ||     4
       Bardiche          |       |       |       |    29 ||    29
 Fire: Blowgun           |       |       |     5 |       ||     5
Throw: Javelin           |     7 |    31 |    17 |     8 ||    63
       Throwing net      |       |     1 |     2 |       ||     3
       Tomahawk          |       |       |    32 |    38 ||    70
Invok: Stomp             |       |       |       |     1 ||     1
Evoke: Wand              |       |     2 |     6 |       ||     8
  Use: Scroll            |       |    12 |     6 |    18 ||    36
       Potion            |       |     2 |     2 |     6 ||    10
 Stab: Sleeping          |     1 |       |     4 |     1 ||     6
       Confused          |       |     1 |     3 |     1 ||     5
       Paralysed         |       |       |       |    38 ||    38
       Distracted        |       |       |       |     1 ||     1
  Eat: Chunk             |       |     3 |    13 |    15 ||    31
       Bread ration      |       |     1 |       |     1 ||     2
Armor: Leather armour    |    31 |     4 |       |    32 ||    67
       Robe              |       |       |    16 |    25 ||    41
       Scale mail        |       |       |       |    21 ||    21
Dodge: Dodged            |    63 |    52 |    84 |   488 ||   687
Block: Buckler           |       |       |    14 |    83 ||    97
